[Event "Romanian Team Blitz Open 2022"]
[Site "Sebes"]
[Date "2022.12.04"]
[Round "3.23"]
[White "Vrencian, Lehel"]
[Black "Chiheri, Alexandru-Virgil"]
[Result "1-0"]
[ECO "B22"]
[WhiteElo "2226"]
[BlackElo "1937"]
[Annotator "TA"]
[PlyCount "83"]
[EventDate "2022.12.04"]
[EventType "blitz"]
[EventCountry "ROU"]
[SourceTitle "playchess.com"]
[Source "ChessBase"]
[SourceQuality "1"]
[TimeControl "180+2"]

1. e4 c5 2. Nf3 e6 3. c3 Nf6 4. e5 Nd5 5. d4 cxd4 6. cxd4 d6 7. a3 Be7 8. Bd3 {[%emt 0:00:00] B22: Sicilian: 2 c3.} Nd7 {[%emt 0:00:00] [#]} 9. exd6 $146 ({Predecessor:} 9. O-O b6 10. Nbd2 dxe5 11. Nxe5 Qc7 12. Ndf3 O-O 13. Bd2 Bb7 14. Rc1 Qd6 15. Nc4 Qb8 16. Nce5 Qd6 17. Nc4 Qb8 18. Nce5 Qd6 {½-½ (18) Tiviakov,S (2635)-Epishin,V (2626) Dos Hermanas 2003}) 9... Bxd6 10. O-O {[%emt 0:00:03] The position is equal.} b6 11. Nc3 Nxc3 12. bxc3 Bb7 13. c4 Qc7 14. d5 (14. Bb2 $11) 14... e5 (14... Nc5 $15) 15. Nh4 Nc5 (15... g6 $11) 16. Nf5 $14 Bf8 17. Bc2 {[%emt 0:00:00] White is more active.} (17. Bb2 $14 O-O-O 18. a4) 17... O-O-O $11 18. a4 h6 $2 {[%emt 0:00:00] Against a5} (18... a5 $11 {and Black stays safe.}) 19. a5 $1 $18 g6 20. Ne3 f5 21. axb6 axb6 22. Re1 Bd6 23. Nf1 e4 24. Bb2 Rhf8 25. Bd4 Rde8 (25... Be5 $16) 26. Qb1 h5 {[%emt 0:00:05] [#]} (26... Be5 {might work better.} 27. Bxe5 Rxe5) 27. Qb5 (27. Qb2 $1 $18 {and the rest is easy.}) 27... f4 (27... Be5 $16 {is a better defense.} 28. Bxe5 Rxe5) 28. Reb1 e3 29. fxe3 fxe3 30. Bxe3 {[%emt 0:00:04] [#]} (30. Bxg6 $18 Re7 31. Nxe3 (31. Bxe3 Rxf1+ 32. Kxf1 Rxe3 $14) (31. Qxb6 Qxb6 32. Rxb6 e2 $14) 31... Bxh2+ 32. Kh1) 30... Rxe3 31. Nxe3 $11 Bxh2+ (31... Qe7 $5 32. Nf1 Qe5 $11) 32. Kh1 Qg3 (32... Qe7 $14 33. Rf1 (33. Kxh2 Qh4+ 34. Kg1 Qf2+ 35. Kh2 Qh4+ 36. Kg1 Qf2+ 37. Kh2 Qh4+ $11) (33. Bxg6 Bc7 $11) (33. Qxb6 $2 Bg3 $19) 33... Rxf1+ 34. Rxf1 Bd6) 33. Qxb6 Qh4 34. Qxc5+ $4 (34. Bf5+ $18 gxf5 35. Qxc5+ Bc7+ 36. Kg1 Qh2+ 37. Kf2) 34... Kb8 $4 (34... Bc7+ {avoids the disaster.} 35. Kg1 Qh2#) 35. Qxf8+ Kc7 36. Qf7+ Kd8 37. Qf3 (37. Qxb7 $2 {is a self mate.} Bf4+ 38. Kg1 Bxe3+ 39. Kf1 Qf2#) (37. Bf5 $142 Bd6+ 38. Bh3 Bc8 39. Ra7 Qxh3+ 40. gxh3 Bb7 41. Rbxb7 Bc7 42. Qxc7+ Ke8 43. Qe7#) 37... Bg3+ 38. Kg1 {[%emt 0:00:00][%cal Bh1g1,Bg1f1,Bf1e2][%mdl 32] White mates.} Qh2+ 39. Kf1 Qh1+ 40. Ke2 Qh4 41. Rxb7 Qd4 42. Qf8# {[%emt 0:00:00] Weighted Error Value: White=0.44/Black=0.56} 1-0

[Event "Romanian Team Blitz Open 2022"]
[Site "Sebes"]
[Date "2022.12.04"]
[Round "3.24"]
[White "Duma, Ioan-Gheorghe"]
[Black "Craciun, Sasha-Matei"]
[Result "0-1"]
[ECO "D02"]
[WhiteElo "1782"]
[BlackElo "2001"]
[Annotator "TA"]
[PlyCount "45"]
[EventDate "2022.12.04"]
[EventType "blitz"]
[EventCountry "ROU"]
[SourceTitle "playchess.com"]
[Source "ChessBase"]
[SourceQuality "1"]
[TimeControl "180+2"]

1. d4 d5 2. Nf3 Nf6 3. Bf4 c5 4. e3 Nc6 5. dxc5 e6 6. c4 {[%emt 0:00:01] D02: 1 d4 d5 2 Nf3 sidelines, including 2...Nf6 3 g3 and 2...Nf6 3 Bf4.} Bxc5 7. cxd5 Nxd5 {[%emt 0:00:01] [#]} 8. Bg5 $146 (8. Bg3 $1 $11) ({Predecessor:} 8. Bg3 O-O 9. Nbd2 b6 10. Bc4 Nce7 11. Qe2 Bb7 12. O-O Nf5 13. Be5 Bd6 14. Bxd6 Nxd6 15. Ba6 Qc8 {½-½ (15) Sesko,M (2243)-Ovaskainen,J (2302) ICCF email 2019}) 8... Qa5+ (8... f6 $15 9. Bh4 e5) 9. Nbd2 $11 O-O $132 {[%emt 0:00:04][%mdl 2048] Black is not holding back} 10. Bc4 (10. a3 $11) 10... Nb6 {[%emt 0:00:08] Black has more active pieces.} (10... h6 $1 $17 11. Bh4 Bxe3 $1) 11. Be2 Bb4 12. e4 Nd4 {[%emt 0:00:31] White must now prevent ...Nxf3+.} 13. Be3 (13. O-O $11) 13... Nxf3+ $15 14. gxf3 e5 (14... Bc5 $15) 15. a3 $11 Bxd2+ (15... Be7 $11 {and Black is okay.}) 16. Bxd2 $18 Qa4 17. b3 $2 ({White has to play} 17. Bb4 $1 $18) 17... Qc6 $14 18. Rc1 (18. Rg1 $14) 18... Qf6 (18... Qg6 $5 19. Bf1 Rd8 $15) 19. h4 Rd8 $2 {[%emt 0:00:22][%mdl 8192] [#]} (19... Be6 $15) 20. Qc2 $2 ({Only move:} 20. Bg5 $1 $18 Rxd1+ 21. Rxd1) 20... h6 $11 21. Be3 ({White should play} 21. Qc3 $11) 21... Be6 $15 22. Qb2 Qe7 (22... Nd7 $1 $15 {stays ahead.}) 23. b4 {[%emt 0:00:34] Weighted Error Value: White=0.61/Black=0.61} (23. Rg1 $16 Kh8 24. Qxe5 (24. Bxb6 axb6 25. Qxe5 f6 $15)) 0-1

[Event "Romanian Team Blitz Open 2022"]
[Site "Sebes"]
[Date "2022.12.04"]
[Round "3.25"]
[White "Zaim, Marian"]
[Black "Stanca, Adrian"]
[Result "1/2-1/2"]
[ECO "E65"]
[WhiteElo "1935"]
[BlackElo "2182"]
[Annotator "TA"]
[PlyCount "98"]
[EventDate "2022.12.04"]
[EventType "blitz"]
[EventCountry "ROU"]
[SourceTitle "playchess.com"]
[Source "ChessBase"]
[SourceQuality "1"]
[TimeControl "180+2"]

1. Nf3 Nf6 2. g3 g6 3. Bg2 Bg7 4. O-O O-O 5. c4 d6 6. d4 Nbd7 7. Nc3 c5 8. e4 cxd4 9. Nxd4 Ne5 10. b3 Bd7 11. Bb2 Nc6 {[%emt 0:00:02] E65: King's Indian: Fianchetto: 6...c5 7 0-0 without d5 by White.} 12. Nc2 {[%emt 0:00:12] [#]} Rb8 $146 ({Predecessor:} 12... Bg4 13. Qd2 Qd7 14. f3 Bh3 15. Rad1 Bxg2 16. Kxg2 Rad8 17. Rfe1 a6 18. Ba1 e6 {1-0 (32) Silva,K (1822)-Deshappriya,D (1522) Negambo 2017}) 13. Qd2 a6 {[%emt 0:00:02] White is slightly better.} 14. Ne3 b5 15. Ncd5 Nxd5 16. cxd5 Qa5 17. Qxa5 Nxa5 18. Bxg7 Kxg7 19. Rac1 Rbc8 {[%emt 0:00:01] Inhibits Rc7.} 20. Rfd1 Rxc1 21. Rxc1 {[%emt 0:00:01] aiming for Rc7.} Rc8 {[%emt 0:00:02] Inhibits Rc7.} 22. Rxc8 Bxc8 $14 {[%emt 0:00:01][%mdl 4096] Endgame KBN-KBN} 23. Bf1 h5 (23... Nb7 $14) 24. b4 $16 Nb7 25. Nc2 (25. a4 $14) 25... Nd8 $11 26. f4 Bb7 27. Bd3 e6 28. dxe6 fxe6 29. Kf2 e5 30. Ke3 Kf6 31. Ne1 Ne6 32. Nf3 Bc8 33. Bc2 Bb7 34. Bb3 Bc8 35. a3 Bd7 36. fxe5+ dxe5 {[%emt 0:00:01] The position is equal.} 37. Bxe6 Bxe6 {[%emt 0:00:02] KB-KN} 38. h4 Bc4 39. Ng5 Bg8 40. Nf3 Bc4 41. Nd2 {[%emt 0:00:05] [#] Hoping for Nxc4.} Be6 42. Nf3 Bc4 43. Ne1 Ke6 44. Ng2 Kf6 45. Ne1 Ke6 46. Nf3 Kf6 47. Nd2 {[%emt 0:00:04] [#] And now Nxc4 would win.} Ba2 48. Kd3 Ke6 49. Ke3 Kf6 {[%emt 0:00:01] Weighted Error Value: White=0.06 (flawless) /Black=0.06 (flawless)} 1/2-1/2

[Event "Romanian Team Blitz Open 2022"]
[Site "Sebes"]
[Date "2022.12.04"]
[Round "3.26"]
[White "Coicev, Matei-Andrei"]
[Black "Tinta, Gheorghe"]
[Result "1-0"]
[ECO "A48"]
[WhiteElo "2009"]
[BlackElo "1855"]
[Annotator "TA"]
[PlyCount "121"]
[EventDate "2022.12.04"]
[EventType "blitz"]
[EventCountry "ROU"]
[SourceTitle "playchess.com"]
[Source "ChessBase"]
[SourceQuality "1"]
[TimeControl "180+2"]

1. Nf3 g6 2. b3 Bg7 3. d4 c5 4. e3 cxd4 5. exd4 Nf6 6. Bb2 O-O 7. Be2 d5 8. O-O Nc6 9. h3 {[%emt 0:00:10] [#] A48: 1 d4 Nf6 2 Nf3 g6: Torre, London and Colle Systems.} Bd7 $146 ({Predecessor:} 9... Ne4 10. Nbd2 Bf5 11. Re1 Rc8 12. c3 Re8 13. Nf1 Qa5 14. b4 Qd8 15. Ne3 a6 {1-0 (48) Zhao,X (2486)-Belenkaya,D (2297) Chess.com INT 2020}) 10. Ne5 Rc8 11. Nxc6 {[%emt 0:00:02] The position is equal.} Bxc6 12. Nd2 Re8 13. Nf3 Ne4 14. Nd2 e5 15. dxe5 Nxd2 (15... Bxe5 $15 16. Bxe5 Rxe5 17. Nxe4 dxe4) 16. Qxd2 $11 {[%emt 0:00:03] next f4 is good for White.} Bxe5 17. Bxe5 Rxe5 18. Bg4 f5 19. Bf3 d4 20. Bxc6 Rxc6 21. Rfe1 Rec5 22. Rac1 Kg7 23. Red1 Rd6 24. Qb4 b6 (24... Qb6 $5 25. Rxd4 Qxb4 26. Rxb4 b6 $14) 25. Qd2 h5 26. Qf4 Qf6 27. Rd2 g5 28. Qf3 Kg6 (28... g4 $5 29. Qf4 Qh6 30. Qxh6+ Kxh6 $11) 29. Rcd1 Rcd5 30. Rd3 g4 31. hxg4 hxg4 32. Qf4 Qe5 33. Qxe5 Rxe5 {[%emt 0:00:00][%mdl 4096] Endgame KRR-KRR} 34. Kf1 Red5 (34... Rc6 $11 {remains equal.}) 35. g3 (35. c4 $16 Re5 36. Rxd4 Rxd4 37. Rxd4) 35... Kf6 ({Black should try} 35... Kg5 $11) 36. Ke2 ({White should play} 36. c4 $1 $14 Ra5 37. a4) 36... Ke5 37. Kd2 Rc5 38. Re1+ Kd5 39. Re8 Rdc6 $2 (39... b5 $11) 40. Rd8+ $2 (40. c4+ $18 Kd6 41. Rxd4+ Kc7 42. Re7+ Kb8 43. Rd8+ Rc8 44. Rdd7) 40... Ke6 41. Re8+ $2 (41. c4 $11) 41... Kf7 $19 42. Ra8 $2 (42. Re2 Rxc2+ 43. Ke1) 42... Rxc2+ 43. Ke1 Rxa2 44. Kf1 {[%emt 0:00:02] [#]} (44. Rd2 $19 Ra1+ 45. Ke2) 44... Rcc2 (44... Rc1+ $142 45. Kg2 Raa1 46. Rxa7+ Rxa7 47. Rd2 d3 48. f3 Rc2 49. fxg4 fxg4 50. Kf2 Re7 51. Rxc2 dxc2 52. Kg2 c1=Q 53. Kf2 Qd2+ 54. Kg1 Re1#) 45. Rxd4 Rxf2+ (45... Rc1+ $142 46. Kg2 Raa1 47. Rxa7+ Rxa7) 46. Kg1 Rfb2 47. Rd7+ Ke6 {[%emt 0:00:01] [#] ( -> ...Rb1+)} 48. Rd1 {[%emt 0:00:02] Prevents Rb1.} Rg2+ (48... Rxb3 $142 49. Re1+ Kf7) 49. Kh1 Rxg3 50. Re8+ Kf6 51. Rf8+ Kg5 {[%emt 0:00:01] And now ...Rh3+ would win.} 52. b4 Rh3+ 53. Kg1 g3 54. Rg8+ Kf6 {[%emt 0:00:02] ...f4 is the strong threat.} 55. b5 Rg2+ $4 56. Kxg2 $18 {[%emt 0:00:01] White is clearly winning.} Rh2+ 57. Kxg3 Rb2 58. Rf8+ Ke7 59. Rxf5 Rb3+ 60. Kf2 Rb2+ 61. Ke3 {[%emt 0:00:01] Quite a comeback for White.   Weighted Error Value: White=0.82/Black=0.64} 1-0

[Event "Romanian Team Blitz Open 2022"]
[Site "Sebes"]
[Date "2022.12.04"]
[Round "3.27"]
[White "Dumitrascu, Daniel"]
[Black "Danila, Tudor-Gabriel"]
[Result "0-1"]
[ECO "B73"]
[WhiteElo "1694"]
[BlackElo "1939"]
[Annotator "TA"]
[PlyCount "123"]
[EventDate "2022.12.04"]
[EventType "blitz"]
[EventCountry "ROU"]
[SourceTitle "playchess.com"]
[Source "ChessBase"]
[SourceQuality "1"]
[TimeControl "180+2"]

1. e4 c5 2. Nf3 d6 3. d4 cxd4 4. Nxd4 Nf6 5. Nc3 g6 6. Be3 Bg7 7. Be2 O-O 8. O-O Nc6 9. Qd2 d5 10. Nxc6 bxc6 11. e5 Nd7 12. f4 Qc7 {[%emt 0:00:00] [#] B73: Sicilian Dragon: Classical System without 9 Nb3.} 13. Rad1 $146 (13. Na4 $5 ) ({Predecessor:} 13. Na4 e6 14. Nc5 Nxc5 15. Bxc5 Rd8 16. Rf3 Bf8 17. Bxf8 Rxf8 18. c3 Qe7 19. Bd3 Bd7 20. Re1 {1-0 (30) Boey,J-Delgado,S Skopje 1972}) 13... Rb8 (13... Nb6 $11) 14. b3 (14. Na4 $14) 14... e6 $11 {[%emt 0:00:16] The position is equal.} 15. Na4 c5 16. Bf2 Rd8 17. Bh4 Re8 $1 18. Qc3 Bb7 19. Bb5 Bc6 20. Bxc6 Qxc6 21. Qf3 Rbc8 22. Rd2 (22. c4 $11) 22... Qb5 {[%emt 0:00:00] [#]} (22... c4 $15 {keeps the upper hand.}) 23. Qe2 (23. c4 $1 $16 Qb4 24. Be1) 23... Qa5 (23... c4 $15) 24. Rfd1 (24. c4 $11) 24... Nb6 (24... c4 $15 {was preferrable.}) 25. Nxb6 axb6 26. a4 (26. c4 $1 $11 {was the only way to keep the balance.}) 26... Qa8 ({Black should try} 26... Qb4 $17) 27. Rd3 ({Better is} 27. c4 $11) 27... c4 $15 28. Rg3 cxb3 29. cxb3 Qa7 (29... Rc6 {simplifies} 30. Rgd3 Rec8 31. Be1 Bf8) 30. f5 $2 (30. Rf3 $15) 30... exf5 $19 31. Rxd5 $2 (31. Rgd3 {was necessary.} Bxe5 32. Qf1) 31... b5+ 32. Kh1 Rc1+ ({Don't blunder} 32... Bxe5 $2 33. Rgd3 $19) (32... bxa4 $142 {Strongly threatening ...Rc1+.} 33. Rf3 axb3) 33. Rd1 Rxd1+ 34. Qxd1 {[%emt 0:00:00] [#]} bxa4 $1 $40 {[%emt 0:00:00][%mdl 128] White is in trouble.} ({Inferior is} 34... Bxe5 35. Rd3 $17) 35. bxa4 Bxe5 36. Rd3 Qa8 (36... Bc7 $19 {...Re4 is the strong threat.} 37. Rd4 Qa5) 37. Rd7 (37. Rd8 $1 $11 {remains equal.} Rxd8 38. Qxd8+ Qxd8 39. Bxd8) 37... Bc3 $2 (37... Qe4 $17 38. Bf2 Qc4) 38. Qb3 $1 $18 Rf8 39. Qxc3 Qxa4 40. h3 $4 Qxd7 $19 {[%emt 0:00:03][%mdl 4096] Endgame KQR-KQB} 41. Bf6 Qd1+ 42. Kh2 Qh5 43. Qe5 Qh6 44. h4 f4 45. Bg5 Qg7 (45... Qh5 $19 46. Qxf4 Qe2) 46. Qxf4 $2 (46. Bf6 $1 $11 {and White has nothing to worry.} Qh6 47. Bg5) 46... f6 $2 ({Black should play} 46... Re8 $19 {White must now prevent ...Qe5.} 47. Bf6 Qf8) 47. Bh6 $15 {[%emt 0:00:00] [#]} Qf7 48. Bxf8 Qxf8 {[%emt 0:00:02] KQ-KQ} 49. Qc4+ Qf7 50. Qc8+ Kg7 51. Qc3 Qe7 {[%emt 0:00:02] Threatens to win with ...Qe5+.} 52. Qg3 (52. g3 $15) 52... Qe5 $19 53. Qxe5 fxe5 {[%emt 0:00:23] K3P-KPP} 54. Kg3 Kf6 55. Kg4 h5+ 56. Kf3 Kf5 57. g3 e4+ 58. Ke3 Kg4 59. Kxe4 Kxg3 {[%emt 0:00:00] Black mates.} 60. Ke3 Kxh4 61. Kf4 g5+ 62. Kf3 {[%emt 0:00:28] Weighted Error Value: White=0.90/Black=0.63} 0-1

[Event "Romanian Team Blitz Open 2022"]
[Site "Sebes"]
[Date "2022.12.04"]
[Round "3.28"]
[White "Mainescu, Andrei-Cristian"]
[Black "Carac, Radu-Ionut"]
[Result "0-1"]
[ECO "B40"]
[WhiteElo "1860"]
[BlackElo "1569"]
[Annotator "NA RC COMBH"]
[PlyCount "74"]
[EventDate "2022.12.04"]
[EventType "blitz"]
[EventCountry "ROU"]
[SourceTitle "playchess.com"]
[Source "ChessBase"]
[SourceQuality "1"]
[TimeControl "180+2"]

1. e4 c5 2. Nf3 e6 3. g3 a6 4. c4 Qc7 5. Bg2 b6 6. O-O Bb7 7. Re1 d6 8. Nc3 Nc6 9. b3 Nf6 10. d4 cxd4 11. Nxd4 Be7 12. Bb2 O-O 13. Rc1 Ne5 14. f4 Ned7 15. h3 Rac8 16. f5 e5 17. Nde2 Nc5 18. Qc2 Rfd8 19. g4 Bc6 20. a4 Qb7 21. Ng3 Nfd7 22. Rf1 Bg5 23. Rcd1 Bf4 24. Nge2 Be3+ 25. Kh2 Nf6 26. Ng3 Bf4 27. Nce2 Bxg3+ 28. Nxg3 Nfxe4 29. Nxe4 Nxe4 30. Qc1 Nc5 31. Bd5 Bxd5 32. Rxd5 Nxb3 33. Qe3 Rxc4 34. Rfd1 Rc2+ 35. Kg3 Rxb2 36. f6 Nd4 37. fxg7 Qxd5 0-1

[Event "Romanian Team Blitz Open 2022"]
[Site "Sebes"]
[Date "2022.12.04"]
[Round "3.29"]
[White "Butuza, Stefan Aurelian"]
[Black "Miron, Toma"]
[Result "0-1"]
[ECO "B22"]
[WhiteElo "1529"]
[BlackElo "2188"]
[Annotator "TA"]
[PlyCount "67"]
[EventDate "2022.12.04"]
[EventType "blitz"]
[EventCountry "ROU"]
[SourceTitle "playchess.com"]
[Source "ChessBase"]
[SourceQuality "1"]
[TimeControl "180+2"]

1. e4 c5 2. c3 Nc6 3. d4 cxd4 4. cxd4 d5 5. exd5 Qxd5 6. Be3 e5 7. Nc3 Bb4 8. dxe5 {[%emt 0:00:15] 8.Nf3 gains popularity.} Bxc3+ {[%emt 0:00:00] B22: Sicilian: 2 c3.} 9. bxc3 Qxe5 10. Rc1 Be6 {[%emt 0:00:00][%cal Oa8d8] [#] The position is equal.} 11. Qc2 $146 ({Predecessor:} 11. Qa4 Nf6 12. Nf3 Qe4 13. Qa3 h6 14. c4 Rd8 15. Be2 a6 16. O-O Ng4 17. Rc3 Nxe3 18. Rxe3 {½-½ (64) Bellomo,R (1677)-Muskewitz,B (1879) Berlin 2019}) 11... Nf6 {[%emt 0:00:00] Strongly threatening ...Ng4.} (11... Bd5 {looks sharper.} 12. c4 Be4 13. Nf3 Bxf3 14. gxf3 Nge7) 12. Nf3 Qa5 13. Ra1 (13. Be2 $11) 13... Rc8 {[%emt 0:00:00] Black is more active.} (13... O-O $15) 14. Bd3 O-O {[%emt 0:00:00] Threatens to win with ...Ne5.} 15. O-O $1 g6 16. Nd4 Nd5 (16... Ne5 $11 {keeps the balance.} 17. Be2 Bc4) 17. Nxe6 $16 fxe6 18. Bxg6 $1 {[%emt 0:01:12][%cal Oe3h6] aiming for Bh6!} Qxc3 (18... Qc7 $16 {was necessary.}) 19. Bxh7+ $18 {[%emt 0:00:00] A strong pair of Bishops.} Kh8 20. Qxc3+ Nxc3 21. Bc2 e5 22. f4 ({White should try} 22. Rfe1 $16) 22... exf4 $14 23. Bxf4 {[%emt 0:00:00][%mdl 8192] [#] This move loses the game for White.} (23. Bf2 $14 {stays ahead.}) 23... Rxf4 $1 24. Rxf4 Ne2+ 25. Kf2 Nxf4 26. Rb1 (26. Be4 $142) 26... Nd4 $19 27. Be4 {[%emt 0:00:00] [#]} b6 28. Rd1 Nde6 29. Rd7 Rc7 30. Rd6 (30. Rxc7 $17 Nxc7 31. Ke3) 30... Nc5 31. Bf3 (31. Bf5 {might work better.} Kg7 32. g4) 31... Rf7 32. Rh6+ Kg7 33. Rh4 Nfd3+ 34. Kg1 {[%emt 0:00:09] Weighted Error Value: White=0.40/Black=0.25 (precise)} 0-1

[Event "Romanian Team Blitz Open 2022"]
[Site "Sebes"]
[Date "2022.12.04"]
[Round "3.30"]
[White "Campian, Cristian"]
[Black "Tatar, Marius Lucian"]
[Result "1-0"]
[ECO "C22"]
[WhiteElo "1998"]
[BlackElo "1405"]
[Annotator "TA"]
[PlyCount "59"]
[EventDate "2022.12.04"]
[EventType "blitz"]
[EventCountry "ROU"]
[SourceTitle "playchess.com"]
[Source "ChessBase"]
[SourceQuality "1"]
[TimeControl "180+2"]

1. e4 e5 2. d4 exd4 3. Qxd4 Nc6 4. Qe3 Nf6 5. Nc3 Bb4 6. Bd2 O-O 7. O-O-O Re8 8. Qg3 Bxc3 {[%emt 0:00:00] C22: Centre Game.} (8... Nxe4 $15 9. Nxe4 Rxe4 10. Bxb4 Rxb4) 9. Bxc3 $11 d6 10. f3 {[%emt 0:00:00] [#]} Nh5 $146 {[%emt 0:00:00] White is better.} ({Predecessor:} 10... Be6 11. h4 Nh5 12. Qh2 Qd7 13. g4 Nf6 14. h5 Qe7 15. h6 g6 16. Bb5 Nxg4 17. fxg4 {1-0 (51) Piskaykin,B (1869)-Meinicke,K (1523) Berlin 2016}) 11. Qf2 {[%emt 0:00:00] White is more active.} Be6 12. Kb1 a5 13. Ne2 b5 14. g4 {[%emt 0:00:00][%cal Bg2g4,Bg4g5][%mdl 32] Prevents b4.} Nf6 {[%emt 0:00:00] [#]} 15. Nf4 ({White should play} 15. g5 $1 ) 15... b4 16. Bd2 (16. Nxe6 {simplifies} Rxe6 17. Bd2 Re5 18. Bg2) 16... a4 (16... Nd7 $14) 17. Nxe6 Rxe6 18. Bb5 Ne5 {[%emt 0:00:00] [#]} 19. g5 $1 (19. Bxb4 Qb8 20. Qe2 (20. c4 c6 $11) 20... c6 $11) 19... Nfd7 20. f4 c6 $2 (20... Ra5 $16) 21. Be2 $18 b3 (21... Nc5 {is a better defense.} 22. fxe5 Nxe4) 22. fxe5 bxa2+ 23. Ka1 {[%emt 0:00:00] Strongly threatening Bc4.} Nxe5 24. Bc3 (24. Kxa2 Qd7 25. Bc3 Ree8) 24... a3 25. Rhf1 (25. Kxa2 axb2+ 26. Kxb2 (26. Kb1 Re7 $17) 26... Rb8+ 27. Kc1 Qxg5+ 28. Bd2 Qe7 $14) 25... axb2+ 26. Bxb2 {[%emt 0:00:00][%cal Oe2c4] Black must now prevent Bc4! Chess con chili. This pair of bishops is nice.} Qa5 $2 (26... Qxg5 27. Qg3 Qe7 28. Bxe5 (28. Rg1 Rg6 $16) 28... Rxe5) 27. Qd4 {[%emt 0:00:00] Hoping for Bc4.} c5 28. Qc3 Qb6 29. Bc4 Nxc4 (29... Re7 $18 30. Rf2 (30. Bxa2 $2 {loses.} Rea7 $19) 30... Kf8) 30. Qxg7# {[%emt 0:00:00] Weighted Error Value: White=0.35/Black=0.87} 1-0

[Event "Romanian Team Blitz Open 2022"]
[Site "Sebes"]
[Date "2022.12.04"]
[Round "3.32"]
[White "Tarciuc, Ianis-Mihai"]
[Black "Olariu-Chilut, Sofia"]
[Result "1-0"]
[ECO "A25"]
[WhiteElo "1642"]
[BlackElo "1065"]
[Annotator "NA RC COMBH"]
[PlyCount "64"]
[EventDate "2022.12.04"]
[EventType "blitz"]
[EventCountry "ROU"]
[SourceTitle "playchess.com"]
[Source "ChessBase"]
[SourceQuality "1"]
[TimeControl "180+2"]

1. c4 Nf6 2. g3 e5 3. Bg2 Be7 4. Nc3 Nc6 5. d3 d6 6. e3 Be6 7. Nge2 O-O 8. O-O Qd7 9. a3 Bh3 10. b4 Bxg2 11. Kxg2 a6 12. Bd2 Rad8 13. e4 Nd4 14. Nxd4 exd4 15. Nd5 Nxd5 16. cxd5 Qb5 17. Qc2 Rc8 18. Qc4 Qxc4 19. dxc4 Bf6 20. Rab1 c6 21. Rfc1 cxd5 22. cxd5 Rxc1 23. Rxc1 h6 24. Rc7 Rb8 25. Bf4 Be5 26. Kf3 d3 27. Bxe5 dxe5 28. Ke3 b5 29. Kxd3 Rb6 30. f4 f6 31. fxe5 fxe5 32. Re7 Rf6 1-0

[Event "Romanian Team Blitz Open 2022"]
[Site "Sebes"]
[Date "2022.12.04"]
[Round "4.1"]
[White "Lupulescu, Constantin"]
[Black "Miron, Lucian-Costin"]
[Result "1-0"]
[ECO "E14"]
[WhiteElo "2591"]
[BlackElo "2510"]
[Annotator "TA"]
[PlyCount "85"]
[EventDate "2022.12.04"]
[EventType "blitz"]
[EventCountry "ROU"]
[SourceTitle "playchess.com"]
[Source "ChessBase"]
[SourceQuality "1"]
[TimeControl "180+2"]

1. Nf3 Nf6 2. c4 e6 3. b3 b6 4. Bb2 Bb7 5. Nc3 Be7 6. e3 O-O 7. d4 d5 8. Bd3 Nbd7 9. O-O Ne4 10. Nd2 f5 (10... Nxc3 {is more complex.} 11. Bxc3 c5 12. cxd5 Bxd5 13. Qh5 g6) 11. f3 {[%emt 0:00:04] E14: Queen's Indian: Classical Variation (4 e3).} Nxc3 12. Bxc3 Bf6 (12... c5 $11) 13. cxd5 $14 {[%emt 0:00:09] White is slightly better.} Bxd5 14. e4 {[%emt 0:00:01] Prevents c5.} Bb7 15. Bc4 {[%emt 0:00:29] [#]} ({But not} 15. exf5 Nc5 16. Bc4 (16. dxc5 $2 {is the wrong capture.} Bxc3 17. Be4 Qd4+ 18. Kh1 Bxe4 $19) 16... Bxd4+ 17. Bxd4 Qxd4+ 18. Rf2 Rxf5 $15) 15... Re8 $146 ({Predecessor:} 15... fxe4 16. Bxe6+ Kh8 17. Nxe4 Be7 18. Qc2 Nf6 19. Ng5 Bd5 20. Rfe1 h6 21. Bxd5 Qxd5 {1-0 (51) Meyner,H (1969)-Schnur,G (2131) Oldenburg 2000}) 16. exf5 Bd5 17. fxe6 Bxe6 18. Ne4 {[%emt 0:00:03] Inhibits Nc5.} Kh8 19. Rc1 Bf5 (19... Bxc4 $142 20. bxc4 a5) 20. Ng3 Bg6 21. f4 {[%emt 0:00:02][%cal Bf3f4,Bf4f5][%mdl 32] [#] Hoping for f5.} h6 (21... Qe7 $16 {was necessary.} 22. Qg4 Rad8) 22. f5 $18 Bh7 23. Qf3 c5 (23... Bg5 $142) 24. dxc5 Nxc5 (24... bxc5 $142 25. Rfd1 Bd4+ 26. Bxd4 cxd4 27. Rxd4 Qb6) 25. Rcd1 Qe7 26. Rfe1 Qf8 27. Be6 $2 (27. Bxf6 $18 {has better winning chances.} Qxf6 28. Rxe8+ Rxe8 29. b4) 27... Red8 (27... Rad8 $16 {was called for.}) 28. Nh5 $36 {[%emt 0:00:04][%mdl 2048] Black is under strong pressure.} Bxc3 29. Qxc3 Ne4 30. Rxd8 {[%emt 0:00:11] Chess con chili. White has more active pieces.} (30. Rxe4 Rxd1+ 31. Kf2 Rad8 $17) 30... Rxd8 $4 (30... Nxc3 $16 31. Rxf8+ Rxf8) 31. Qxg7+ $2 (31. Rxe4 $18 Qc5+ 32. Qxc5 bxc5 33. Rg4) 31... Qxg7 $11 32. Nxg7 Kxg7 $2 (32... Nf6 $11 {and Black is okay.}) 33. Rxe4 $16 {[%emt 0:00:01][%mdl 4096] Endgame KRB-KRB} Rd2 (33... Kf6 $142 34. g4 h5) 34. Ra4 {[%emt 0:00:05] White is clearly winning.} a5 35. Rc4 Rxa2 (35... h5 $142 36. Rc7+ Kh6) 36. Rc7+ $18 Kh8 37. f6 {[%emt 0:00:01] [#] White threatens Rc8+ and mate.} Bg6 38. Rc8+ Kh7 39. Bg8+ Kh8 40. Bd5+ Kh7 41. f7 Ra1+ 42. Kf2 Ra2+ 43. Kf3 {[%emt 0:00:00] Weighted Error Value: White=0.38/Black=0.50} 1-0